 Dungeon Crawl Stone Soup version 0.23.2-1-ga50397a6bc (webtiles) character file.

Game seed: 10876503388814875316

72 Menchi the Skirmisher (level 4, -2/41 HPs)
             Began as a Minotaur Fighter on May 8, 2019.
             Killed by nerve-wracking pain
             ... invoked by Grinder
              (6 damage)
             ... while paralysed by Grinder
             ... on level 3 of the Dungeon.
             The game lasted 00:03:42 (1947 turns).

Menchi the Skirmisher (Minotaur Fighter)            Turns: 1947, Time: 00:03:42

Health: -2/41      AC:  9    Str: 26    XL:     4   Next: 7%
Magic:  3/3        EV:  2    Int:  5    God:
Gold:   157        SH:  0    Dex: 10    Spells: 3/3 levels left

rFire    . . .     SeeInvis .   k - +1 dagger (drain)
rCold    . . .     Gourm    .   (no shield)
rNeg     . . .     Faith    .   b - +0 scale mail
rPois    .         Spirit   .   (helmet restricted)
rElec    .         Reflect  .   (no cloak)
rCorr    .         Harm     .   s - +0 pair of gloves
MR       .....                  t - +0 pair of boots
Stlth    ..........             (no amulet)
HPRegen  0.13/turn              (no ring)
MPRegen  0.08/turn              (no ring)

@: paralysed, mighty
A: retaliatory headbutt, horns 2
a: no special abilities


You were on level 3 of the Dungeon.
You were not hungry.

You visited 1 branch of the dungeon, and saw 3 of its levels.

You collected 157 gold pieces.

Inventory:

Hand Weapons
 a - a +0 long sword
 k - a +1 dagger of draining (weapon)
Armour
 b - a +0 scale mail (worn)
 c - a +0 shield
 s - a +0 pair of gloves (worn)
 t - a +0 pair of boots (worn)
Scrolls
 e - a scroll of fear {unknown}
 i - 4 scrolls of teleportation {unknown}
 j - a scroll of magic mapping {unknown}
 m - 2 scrolls of amnesia {unknown}
 n - 2 scrolls of identify {unknown}
 p - 2 scrolls of remove curse {unknown}
 v - a scroll of random uselessness {unknown}
Potions
 g - a potion of haste {unknown}
 h - a potion of berserk rage {unknown}
 l - a potion of curing {unknown}
 o - a potion of invisibility {unknown}
 q - a potion of resistance {unknown}
 u - a potion of lignification {unknown}
Comestibles
 f - 4 rations
 r - 8 chunks of flesh


   Skills:
 * Level 4.6 Fighting
 * Level 3.4 Long Blades
 + Level 4.3 Armour
 + Level 4.0 Shields


You had 3 spell levels left.
You didn't know any spells.
Your spell library was empty.

Dungeon Overview and Level Annotations

Branches:
Dungeon (3/15)

Altars:
Elyvilon
Zin
The Shining One

Annotations:
D:3 Grinder


Innate Abilities, Weirdness & Mutations

You reflexively headbutt those who attack you in melee.
You have a pair of horns on your head.


Message History

You are too injured to fight recklessly!
You are too injured to fight recklessly!
Grinder hits you but does no damage.
You hit Grinder. Your headbutt misses Grinder.
Grinder is moderately wounded.
Grinder hits you but does no damage.
You hit Grinder.
Grinder is moderately wounded.
You puncture Grinder!
Grinder is heavily wounded.
Grinder gestures at you.
You suddenly lose the ability to move!
Grinder hits you!
* * * LOW HITPOINT WARNING * * *
You writhe in agony.
* * * LOW HITPOINT WARNING * * *
Grinder hits you but does no damage. Grinder gestures at you.
Pain shoots through your body!
You die...

########
#######...^..#
.............#
#..####.####.#
#....5@.####.#
#............#
...$.#######..#######
...# #........# ..
..#####........#### .
#.................#
...#..........##.# #
#.##....)[.##.# #.
#....)..##.#


You could see Grinder.

Vanquished Creatures
  An adder (D:2)
  A worm (D:2)
  A dart slug (D:1)
  A leopard gecko (D:1)
  6 orcs (D:3)
  5 bats
  A giant cockroach (D:1)
  6 goblins
  7 hobgoblins
  5 jackals
  A quokka (D:2)
  4 frilled lizards
  6 kobolds
  3 rats
48 creatures vanquished.

Notes
Turn   | Place    | Note
-------+----------+-------------------------------------------
     0 | D:1      | Menchi the Minotaur Fighter began the quest for the Orb.
     0 | D:1      | Reached XP level 1. HP: 19/19 MP: 0/0
   229 | D:1      | Reached XP level 2. HP: 24/27 MP: 1/1
  1303 | D:2      | Reached XP level 3. HP: 32/33 MP: 2/2
  1415 | D:2      | Found a white marble altar of Elyvilon.
  1415 | D:2      | Found a glowing golden altar of the Shining One.
  1592 | D:2      | Found a glowing silver altar of Zin.
  1899 | D:3      | Reached XP level 4. HP: 39/41 MP: 3/3
  1920 | D:3      | Noticed Grinder
  1922 | D:3      | Paralysed by Grinder for 2 turns
  1927 | D:3      | Paralysed by Grinder for 7 turns
  1944 | D:3      | Paralysed by Grinder for 4 turns
  1947 | D:3      | Killed from afar by Grinder

Skill      XL: |  1  2  3 |
---------------+----------+-----
Fighting       | 4 |  4.6
Armour         | 4 |  4.3
Long Blades    | 3 |  3.4
Shields        | 4 |  4.0

Action                   |  1- 3 |  4- 6 || total
-------------------------+-------+-------++-------
Melee: Long sword        |    23 |       ||    23
       Headbutt          |    15 |     1 ||    16
       Dagger            |    86 |    10 ||    96
  Use: Potion            |       |     1 ||     1
  Eat: Chunk             |     3 |       ||     3
Armor: Scale mail        |    56 |    10 ||    66
Dodge: Dodged            |    46 |     2 ||    48
Block: Shield            |     2 |       ||     2
       Rpst.: Long sword |     5 |       ||     5
